 Dungeon Crawl Stone Soup version 0.31-a0-1005-gfbdfbacc72 (webtiles) character file.

Game seed: 15273933578351969288

1873 Azuregosa the Covert (level 9, -1/56 HPs)
             Began as an Octopode Delver on Nov 11, 2023.
             Was an Initiate of Vehumet.
             Slain by a sky beast (6 damage)
             ... on level 7 of the Dungeon.
             The game lasted 00:18:25 (5191 turns).

Azuregosa the Covert (Octopode Delver)              Turns: 5191, Time: 00:18:27

Health: -1/56      AC:  1    Str: 18    XL:     9   Next: 14%
Magic:  17/17      EV: 19    Int: 14    God:    Vehumet [......]
Gold:   228        SH:  0    Dex: 21    Spells: 11/19 levels left

rFire   . . .        C - staff of cold
rCold   + . .        (no shield)
rNeg    + . .        (helmet restricted)
rPois   +            (no amulet)
rElec   .            q - +6 ring of strength
rCorr   .            r - +5 ring of evasion
SInv    .            s - +6 ring of dexterity
Will    .....        A - ring of positive energy
Stlth   ++++++       D - ring of poison resistance
HPRegen 0.29/turn    (no ring)
MPRegen 0.15/turn    (no ring)
                     (no ring)

%: no passive effects
@: no status effects
A: almost no armour, amphibious, 8 rings, camouflage 1, gelatinous body 1,
(nimble swimmer 1), tentacles
a: Renounce Religion


You were on level 7 of the Dungeon.
You worshipped Vehumet.
Vehumet was noncommittal.
You visited 2 branches of the dungeon, and saw 8 of its levels.

You collected 228 gold pieces.

Inventory:

Hand Weapons
 a - a +0 spear
 n - a +1 dagger of protection
 y - a +0 whip of electrocution
 z - a +0 scythe of venom
 B - a +0 falchion of electrocution
Missiles
 c - 14 poisoned darts
 g - 30 stones
 m - 2 javelins
Magical Staves
 C - a staff of cold (weapon)
 E - a staff of conjuration
Jewellery
 q - a +6 ring of strength (left tentacle)
 r - a +5 ring of evasion (right tentacle)
 s - a +6 ring of dexterity (on tentacle)
 A - a ring of positive energy (on tentacle)
 D - a ring of poison resistance (on tentacle)
Talismans
 h - a serpent talisman
 v - a blade talisman
 x - a flux talisman
Wands
 d - a wand of flame (42)
 f - a wand of digging (3)
Scrolls
 b - 2 scrolls of fog
 k - a scroll of blinking {unknown}
 l - 4 scrolls of identify {unknown}
 p - 2 scrolls of teleportation {unknown}
 t - a scroll of torment {unknown}
 u - a scroll of enchant armour {unknown}
Potions
 e - 2 potions of haste
 j - a potion of enlightenment
 o - a potion of mutation {unknown}
 w - a potion of cancellation {unknown}


   Skills:
 - Level 3.0 Fighting
 - Level 2.0 Polearms
 - Level 2.0 Dodging
 - Level 10.2 Stealth
 + Level 5.9 Spellcasting
 + Level 2.6 Conjurations
 + Level 4.0 Hexes
 + Level 5.6 Ice Magic


You had 11 spell levels left.
You knew the following spells:

 Your Spells              Type           Power      Damage    Failure   Level
a - Ensorcelled Hibernat  Hex/Ice        52%        N/A       3%          2
b - Frozen Ramparts       Ice            58%        1d9       4%          3
c - Hailstorm             Conj/Ice       23%        3d7       9%          3

Your spell library contained the following spells:

 Spells                   Type           Power      Damage    Failure   Level
 Freeze                   Ice            100%       1d10      1%          1
 Jinxbite                 Hex            30%        N/A       4%          2
 Momentum Strike          Conj/Tloc      14%        3d8       14%         2
 Blink                    Tloc           8%         N/A       24%         2
 Lesser Beckoning         Tloc           8%         N/A       24%         2
 Sublimation of Blood     Necr           4%         N/A       24%         2
 Ignite Poison            Fire/Tmut/Pois 4%         N/A       43%         3
 Anguish                  Hex/Necr       4%         N/A       56%         4
 Sticky Flame             Conj/Fire      7%         2d3       67%         4
 Petrify                  Tmut/Erth      4%         N/A       85%         4
 Irradiate                Conj/Tmut      3%         3d12      95%         5
 Ignition                 Fire           2%         3d3       100%        8


Dungeon Overview and Level Annotations

Branches:
Dungeon (7/15)             Temple (1/1) D:4

Altars:
Ashenzari
Cheibriados
Dithmenos
Elyvilon
Fedhas
Gozag
Kikubaaqudgha
Makhleb
Nemelex Xobeh
Okawaru
Qazlal
Sif Muna
Trog
Uskayaw
Vehumet
Wu Jian
Xom
Yredelemnul
Zin
The Shining One

Shops:
D:1 [


Innate Abilities, Weirdness & Mutations

You cannot wear most types of armour.
You are amphibious.
You can wear up to eight rings at the same time.
Your skin changes colour to match your surroundings (Stealth+).
Your rubbery body absorbs attacks. (AC +1, EV +1)
((You are camouflaged when in or above water. (Stealth+)))
You have tentacles for arms and can constrict up to eight enemies at once.


Message History

You closely miss something. Something hits you.
* * * LOW HITPOINT WARNING * * *
Something shocks you.
* * * LOW HITPOINT WARNING * * *
You barely miss something. Your squeeze misses something.
Something hits you but does no damage.
You barely miss something. You tentacle-slap something.
A sky beast appears from thin air!
Reactivating autopickup.
The sky beast closely misses you.
You hit the sky beast. Your squeeze misses the sky beast.
The sky beast is moderately wounded.
The sky beast misses you.
You hit the sky beast but do no damage.
The sky beast is moderately wounded.
The sky beast hits you but does no damage.
You hit the sky beast but do no damage. You freeze the sky beast.
You squeeze the sky beast!
The sky beast is almost dead.
The sky beast completely misses you.
You barely miss the sky beast.
The sky beast is almost dead.
The sky beast closely misses you. The sky beast barely misses you.
You barely miss the sky beast.
The sky beast is almost dead.
The sky beast completely misses you.
You hit the sky beast. Your squeeze misses the sky beast.
The sky beast is almost dead.
The sky beast completely misses you.
You hit the sky beast but do no damage.
The sky beast is almost dead.
The sky beast closely misses you.
You barely miss the sky beast.
The sky beast is almost dead.
The sky beast flickers out of sight!
Deactivating autopickup; reactivate with Ctrl-A.
Something hits you.
* * * LOW HITPOINT WARNING * * *
Something shocks you.
You die...

#... #####...
#......# ### #......#
..# ###'###..#.......
##.....##.#........
#.......#.#........
#......{#.#..........
+..._...@.#..........
#.......#†#..........
#.......#.#..........
##.....##.'..........
. ###+###.##.........
.. ...#......####...
#...#.............
+...#.....#.#.....
#...#....#...#....


There were no monsters in sight!

Vanquished Creatures
  Pikel (D:4)
  Sigmund (D:4)
  A water moccasin (D:6)
  Duvessa (D:5)
  A sky beast (D:7)
  A black bear (D:4)
  A centaur (D:5)
  A lemure (D:4)
  2 phantoms
  A scorpion (D:4)
  Dowan (D:5)
  An orc priest (D:4)
  A hound (D:4)
  6 iguanas
  Natasha (thrice) (D:2)
  2 orc wizards
  3 gnolls (D:5)
  9 adders
  2 shadow imps (D:5)
  2 adder zombies (D:3)
  3 worms
  3 dart slugs
  6 orcs
  3 ball pythons
  2 endoplasms
  2 giant cockroaches
  8 goblins
  11 hobgoblins
  4 kobolds
  A quokka (D:1)
  10 bats
  6 frilled lizards
  6 rats
106 creatures vanquished.

Notes
Turn   | Place    | Note
-------+----------+-------------------------------------------
     0 | D:5      | Azuregosa the Octopode Delver began the quest for the Orb.
     0 | D:5      | Reached XP level 1. HP: 16/16 MP: 1/1
    28 | D:5      | Noticed Duvessa
    51 | D:4      | Noticed an iguana
   117 | D:3      | Reached skill level 7 in Stealth
   160 | D:3      | Reached XP level 2. HP: 18/21 MP: 2/2
   256 | D:1      | Found Begraul's Antique Armour Emporium.
   570 | D:1      | Reached XP level 3. HP: 21/26 MP: 3/3
   670 | D:1      | Learned a level 2 spell: Ensorcelled Hibernation
   745 | D:1      | Reached skill level 8 in Stealth
  1081 | D:2      | Noticed Natasha
  1089 | D:2      | Killed Natasha
  1090 | D:2      | Reached XP level 4. HP: 12/31 MP: 4/4
  1301 | D:2      | Reached skill level 9 in Stealth
  1378 | D:2      | Noticed Natasha
  1384 | D:2      | Killed Natasha
  1385 | D:2      | Reached XP level 5. HP: 31/36 MP: 5/5
  1431 | D:2      | Noticed Natasha
  1587 | D:2      | Killed Natasha
  1761 | D:2      | Found a faded altar of an unknown god.
  1848 | D:2      | Reached skill level 10 in Stealth
  2199 | D:3      | Found a basalt altar of Yredelemnul.
  2749 | D:4      | Reached skill level 1 in Spellcasting
  2781 | D:4      | Reached XP level 6. HP: 42/42 MP: 6/8
  2881 | D:4      | Noticed Pikel
  2909 | D:4      | Killed Pikel
  2910 | D:4      | Reached XP level 7. HP: 20/46 MP: 9/13
  3005 | D:4      | Found a large runed translucent door.
  3005 | D:4      | Found a large runed translucent door.
  3016 | D:4      | Noticed Sigmund
  3024 | D:4      | Killed Sigmund
  3025 | D:4      | Reached skill level 1 in Hexes
  3025 | D:4      | Reached XP level 8. HP: 52/52 MP: 13/15
  3060 | D:4      | Found a shadowy altar of Dithmenos.
  3302 | D:4      | Found a staircase to the Ecumenical Temple.
  3311 | Temple   | Entered the Ecumenical Temple
  3746 | D:4      | Found a broken altar of Ashenzari.
  3752 | D:4      | Reached skill level 5 in Spellcasting
  3757 | D:4      | Found a blossoming altar of Fedhas.
  3804 | D:4      | Learned a level 3 spell: Frozen Ramparts
  3808 | D:4      | Learned a level 3 spell: Hailstorm
  3895 | D:5      | Noticed Dowan
  3905 | D:5      | Killed Duvessa
  3910 | D:5      | Killed Dowan
  3911 | D:5      | Reached skill level 1 in Conjurations
  4051 | D:5      | Reached skill level 5 in Ice Magic
  4829 | D:6      | Reached XP level 9. HP: 21/56 MP: 17/17
  4842 | D:7      | Found a stormy altar of Qazlal.
  5118 | D:7      | Found a radiant altar of Vehumet.
  5147 | D:7      | Became a worshipper of Vehumet
  5191 | D:7      | Slain by a sky beast

Illustrated notes

Levels and vault maps discovered:
D:1:      psy_arrival_basics, layout_basic, serial_shops,
          nicolae_shop_peninsula, fountainhead
D:2:      layout_loops_corners, chequers_ecumenical_altar_twisty, uniq_natasha
D:3:      layout_basic, lemuel_zombie_altar_yredelemnul,
          hangedman_decor_opposing, roderic_roman_lattice,
          wander_ebering_terrifying_dragon_lair
D:4:      layout_loops_cross, grunt_dithmenos_smoke_and_mirrors,
          jmf_multi_god_temple2, minmay_temple_entry_statues_fountains,
          uniq_pikel, uniq_sigmund
D:5:      layout_basic, uniq_duvessa
D:6:      layout_gridville, nicolae_hepliaklqana_hazy_memory,
          nicolae_ru_the_path_less_chosen, minmay_shop_enchanted_jewellery,
          minmay_misc_feat_rugged
D:7:      layout_gridville, nicolae_vehumet_altar_sigil,
          nicolae_qazlal_beasts_of_the_sky, serial_shops,
          nicolae_shop_scrapyard, nicolae_shop_hallway_plus, shop, uniq_maggie
Temple:   nicolae_temple_ecumenical_triangle

Skill      XL: |  1  2  3  4  5  6  7  8  9 |
---------------+----------------------------+-----
Stealth        | 7 8 9 10 | 10.2
Spellcasting   | 1 4 5 |  5.9
Ice Magic      | 3 4 5 |  5.6
Hexes          | 1 3 4 |  4.0
Conjurations   | 2 |  2.6
Fighting       | |  3.0
Polearms       | |  2.0
Dodging        | |  2.0

Action                     |  1- 3 |  4- 6 |  7- 9 || total
---------------------------+-------+-------+-------++-------
  Melee: Spear             |    78 |    87 |    37 ||   202
         Constrict         |    15 |    17 |    30 ||    62
         Tentacles         |    10 |    20 |    45 ||    75
         Punch             |     1 |     2 |     3 ||     6
         Staff             |       |       |    91 ||    91
         Falchion          |       |       |    11 ||    11
    Use: Scroll            |     1 |     1 |     1 ||     3
         Potion            |       |       |     5 ||     5
   Stab: Sleeping          |    19 |    16 |    15 ||    50
         Distracted        |     1 |     1 |     1 ||     3
 Armour: Skin              |    34 |    20 |    58 ||   112
  Dodge: Dodged            |    33 |    54 |   106 ||   193

Table legend: (Time is in decaauts)
 A = Elapsed time spent in this place.
 B = Non-inter-level travel time spent in this place.
 C = Inter-level travel time spent in this place.
 D = Time resting spent in this place.
 E = Time spent auto-exploring this place.
 F = Levels seen in this place.
 G = Mean time per level.
                   A        B        C        D        E       F      G
               +--------+--------+--------+--------+--------+-----+--------+
         Total |   5203 |   5015 |    188 |    801 |   2951 |   8 |  650.4 |
       Dungeon |   5201 |   5013 |    188 |    801 |   2951 |   7 |  743.0 |
        Temple |      1 |      1 |      0 |      0 |      0 |   1 |    1.0 |
               +--------+--------+--------+--------+--------+-----+--------+

Top non-repeatable levels by time:
     D:4: 1171 daAuts
     D:2: 1077 daAuts
     D:3: 819 daAuts
     D:5: 790 daAuts
     D:1: 732 daAuts
     D:7: 353 daAuts
     D:6: 257 daAuts
  Temple: 1 daAuts
